 Dungeon Crawl Stone Soup version 0.24.1-14-gf8d2b509d9 (webtiles) character file.

Game seed: 6376158358189692942, levelgen mode: deterministic

35 Bodigarde the Skirmisher (level 3, 0/29 HPs)
             Began as a Mummy Fighter on May 22, 2020.
             Slain by a wyvern skeleton (7 damage)
             ... on level 4 of the Dungeon.
             The game lasted 00:04:14 (1312 turns).

Bodigarde the Skirmisher (Mummy Fighter)            Turns: 1312, Time: 00:04:15

Health: 0/29       AC:  8    Str: 20    XL:     3   Next: 17%
Magic:  3/3        EV:  7    Int:  7    God:
Gold:   30         SH:  9    Dex: 11    Spells: 2/2 levels left

rFire    x . .     SeeInvis .   a - +0 flail
rCold    + . .     Gourm    .   c - +0 shield
rNeg     + + +     Faith    .   b - +0 scale mail
rPois    ∞         Spirit   .   i - +0 helmet
rElec    .         Reflect  .   (no cloak)
rCorr    .         Harm     .   (no gloves)
MR       .....                  g - +0 pair of boots
Stlth    ..........             (no amulet)
HPRegen  0.09/turn              (no ring)
MPRegen  0.08/turn              (no ring)

@: no status effects
A: no food or potions, fire vulnerability, cold resistance 1, negative energy
resistance 3, torment resistance, unbreathing
a: no special abilities


You were on level 4 of the Dungeon.
You were not hungry.

You visited 1 branch of the dungeon, and saw 3 of its levels.

You collected 30 gold pieces.

Inventory:

Hand Weapons
 a - a +0 flail (weapon)
Missiles
 d - 25 stones
 f - 8 boomerangs (quivered)
 k - 21 poisoned darts
Armour
 b - a +0 scale mail (worn)
 c - a +0 shield (worn)
 g - a +0 pair of boots (worn)
 i - a +0 helmet (worn)
Scrolls
 e - a scroll of identify
 h - a scroll of enchant weapon


   Skills:
 + Level 3.3 Fighting
 * Level 2.2 Maces & Flails
 + Level 2.6 Armour
 + Level 2.6 Shields


You had 2 spell levels left.
You didn't know any spells.
Your spell library was empty.

Dungeon Overview and Level Annotations

Branches:
Dungeon (2/15)

Altars:
Zin

Shops:
D:2 *


Innate Abilities, Weirdness & Mutations

You do not eat or drink.
Your flesh is vulnerable to fire.
You are immune to poison.
Your flesh is cold resistant. (rC+)
You are immune to negative energy. (rN+++)
You are immune to unholy pain and torment.
You can survive without breathing.


Message History

You are too injured to fight recklessly!
You can't drink.
As you read the scroll labeled NAEPNEOME, it crumbles to dust.
It is a scroll of identify.
h - a scroll of enchant weapon The wyvern skeleton bites you.
You block the wyvern skeleton's attack.
As you read the scroll labeled SEAMEAT OTWU, it crumbles to dust.
It is a scroll of amnesia.
You feel forgetful for a moment.
The wyvern skeleton bites you but does no damage.
You are too injured to fight recklessly!
You hit the wyvern skeleton.
The wyvern skeleton is moderately damaged.
The wyvern skeleton bites you but does no damage.
The wyvern skeleton bites you.
* * * LOW HITPOINT WARNING * * *
You sock the wyvern skeleton!
The wyvern skeleton is heavily damaged.
The wyvern skeleton bites you!
You die...

###.# ... #.# ≈.. #.#
#.# #.# ≈≈≈ ###.#### #.#
[.. .≈≈≈ #......# #.#
#.# ≈≈≈≈ #.#.##.### #.#
#.#.≈≈≈≈ #.#...#..#
#.######.#...≈≈
#.#..###.#
#..............
#.##..#..#####.........#
#.##.#.....@Z..#####.#.#
#......#.####### #.#...
####.###.# #.#..##
#.....# #..... #######
##..... .#.... .......
..


You could see a wyvern skeleton.

Vanquished Creatures
  An adder (D:2)
  A giant cockroach (D:1)
  2 hobgoblins (D:1)
  2 jackals (D:2)
  8 kobolds (D:1)
  A frilled lizard (D:1)
  7 goblins
  6 rats
28 creatures vanquished.

Notes
Turn   | Place    | Note
-------+----------+-------------------------------------------
     0 | D:1      | Bodigarde the Mummy Fighter began the quest for the Orb.
     0 | D:1      | Reached XP level 1. HP: 18/18 MP: 1/1
   105 | D:1      | Reached XP level 2. HP: 24/24 MP: 2/2
   840 | D:2      | Found Zin's Purification Station.
   840 | D:2      | Found a glowing silver altar of Zin.
  1093 | D:2      | Reached XP level 3. HP: 16/29 MP: 3/3
  1240 | D:2      | You fall into a shaft and drop 2 floors!
  1312 | D:4      | Slain by a wyvern skeleton

Levels and vault maps discovered:
D:1:      nicolae_arrival_memento_mori, layout_loops_ring
D:2:      layout_loops_ring, zin_purify
D:4:      layout_loops_cross, kiku_gazebo_pond_becter, minmay_temple_entry_glass

Skill      XL: |  1  2 |
---------------+-------+-----
Maces & Flails | 2 |  2.2
Fighting       | |  3.3
Armour         | |  2.6
Shields        | |  2.6

Action                   || total
-------------------------++-------
Melee: Flail             ||   114
Throw: Boomerang         ||     3
  Use: Scroll            ||     2
Armor: Scale mail        ||    50
Dodge: Dodged            ||    30
Block: Shield            ||    49
